 Dungeon Crawl Stone Soup version 0.30-a0-757-ga6a79fd877 (webtiles) character file.

Game seed: 7134061687159965003

121 sircluck the Shield-Bearer (level 4, -22/44 HPs)
             Began as a Troll Fighter on Feb 9, 2023.
             Annihilated by an ogre
             ... wielding a +0 giant spiked club
              (27 damage)
             ... on level 3 of the Dungeon.
             The game lasted 00:02:14 (1096 turns).

sircluck the Shield-Bearer (Troll Fighter)          Turns: 1096, Time: 00:02:14

Health: -22/44     AC:  4    Str: 26    XL:     4   Next: 77%
Magic:  3/3        EV:  9    Int:  4    God:
Gold:   106        SH:  7    Dex:  9    Spells: 3/3 levels left

rFire   . . .      SeeInvis .      - Unarmed
rCold   . . .      Faith    .    b - +0 kite shield
rNeg    . . .      Spirit   .    a - +0 robe
rPois   .          Reflect  .    (helmet restricted)
rElec   .          Harm     .    (no cloak)
rCorr   .          Rampage  .    (gloves unavailable)
Will    .....                    (boots unavailable)
Stlth   +                        (no amulet)
HPRegen 1.07/turn                (no ring)
MPRegen 0.08/turn                (no ring)

@: no status effects
A: large, unfitting armour, claws 3, regeneration 1, shaggy fur 1, tough skin 1
a: no special abilities


You were on level 3 of the Dungeon.
You visited 1 branch of the dungeon, and saw 3 of its levels.

You collected 106 gold pieces.

Inventory:

Missiles
 f - 18 stones (quivered)
 g - 5 javelins
Armour
 a - a +0 robe (worn)
 b - a +0 kite shield (worn)
Wands
 q - a wand of roots (10)
Scrolls
 h - a scroll of fog {unknown}
 i - a scroll of enchant weapon {unknown}
 k - 2 scrolls of silence {unknown}
 l - a scroll of identify {unknown}
 o - a scroll of amnesia {unknown}
 p - 2 scrolls of teleportation {unknown}
 r - a scroll of noise {unknown}
 s - a scroll of enchant armour {unknown}
Potions
 c - 2 potions of might
 d - a potion of brilliance {unknown}
 e - a potion of heal wounds {unknown}
 j - a potion of berserk rage {unknown}
 m - a potion of curing {unknown}
 n - a potion of lignification {unknown}


   Skills:
 + Level 2.8 Fighting
 + Level 3.1 Dodging
 + Level 0.4 Stealth
 + Level 3.2 Shields
 + Level 3.2 Unarmed Combat


You had 3 spell levels left.
You didn't know any spells.
Your spell library was empty.

Dungeon Overview and Level Annotations

Branches:
Dungeon (3/15)

Altars:


Innate Abilities, Weirdness & Mutations

You are too large for most types of armour.
You have claws for hands.
Your natural rate of healing is unusually fast.
You are covered in fur. (AC +1)
You have tough skin. (AC +1)


Message History

The bat hits you but does no damage.
You claw the bat!
You kill the bat!
No target in view!
No target in view!
No target in view!
No target in view!
No target in view!
No target in view!
No target in view!
No target in view!
No target in view!
No target in view!
No target in view!
Found a short sword and a ring mail.
No target in view!
p - 2 scrolls labelled XIOQ KESIGI (gained 1)
Found a falchion.
s - a scroll labelled UNEITT QIPLIJ
Found a stone staircase leading up.
An ogre comes into view. It is wielding a +0 giant spiked club.
Found a leather armour.
The ogre shouts!
An ogre is nearby!
An ogre is nearby!
An ogre is nearby!
You scratch the ogre but do no damage. You block the ogre's attack.
You completely miss the ogre.
The ogre hits you with a +0 giant spiked club!!
Ouch! That really hurt!
* * * LOW HITPOINT WARNING * * *
Found 6 gold pieces.
The ogre attacks as you move away!
The ogre hits you with a +0 giant spiked club!!
Ouch! That really hurt!
* * * LOW HITPOINT WARNING * * *
The ogre attacks as you move away!
The ogre hits you with a +0 giant spiked club!!
Ouch! That really hurt!
You die...

...####...... ..
#.......#
....###.#<.#..####
.................
..#####.#.##...##
#...†......## ##
##.....#.....##
#..##..##.#.......#
######..#>..O@.#.......#
$...........####.......#
.......##..## ##.....##
# #..####..# #.......#
#.##.#......# #.......#
#...)....#.## #.......#
.........#.# ##.....###
<..#.....#.# ##.)[...#
.....#.....#
######.######


You could see an ogre.

Vanquished Creatures
  Terence (D:2)
  4 adders (D:2)
  A worm (D:2)
  2 dart slugs (D:1)
  A ball python (D:2)
  4 endoplasms
  A giant cockroach (D:1)
  7 goblins
  4 hobgoblins (D:2)
  2 jackals (D:1)
  9 bats
  4 frilled lizards
  5 kobolds
  8 rats
53 creatures vanquished.

Notes
Turn   | Place    | Note
-------+----------+-------------------------------------------
     0 | D:1      | sircluck the Troll Fighter began the quest for the Orb.
     0 | D:1      | Reached XP level 1. HP: 22/22 MP: 0/0
   109 | D:1      | Reached XP level 2. HP: 29/29 MP: 1/1
   353 | D:1      | Reached XP level 3. HP: 36/36 MP: 2/2
   692 | D:2      | Found a faded altar of an unknown god.
   795 | D:2      | Reached XP level 4. HP: 33/44 MP: 3/3
   864 | D:2      | Noticed Terence
   875 | D:2      | Killed Terence
  1078 | D:3      | Noticed an ogre
  1096 | D:3      | Annihilated by an ogre

Illustrated notes

Levels and vault maps discovered:
D:1:      dpeg_arrival_snail, layout_rooms
D:2:      layout_rooms, chequers_ecumenical_altar_simple_redux, uniq_terence
D:3:      layout_rooms, chequers_serial_rivers_small_a

Skill      XL: |  1  2  3  4 |
---------------+-------------+-----
Shields        | 3 |  3.2
Dodging        | 3 |  3.1
Unarmed Combat | 3 |  3.2
Fighting       | |  2.8
Stealth        | |  0.4

Action                     |  1- 3 |  4- 6 || total
---------------------------+-------+-------++-------
  Melee: Unarmed           |   124 |    29 ||   153
   Stab: Sleeping          |     1 |       ||     1
 Armour: Robe              |    47 |    13 ||    60
  Dodge: Dodged            |    60 |    11 ||    71
  Block: Kite shield       |    57 |    10 ||    67

Table legend: (Time is in decaauts)
 A = Elapsed time spent in this place.
 B = Non-inter-level travel time spent in this place.
 C = Inter-level travel time spent in this place.
 D = Time resting spent in this place.
 E = Time spent auto-exploring this place.
 F = Levels seen in this place.
 G = Mean time per level.
                   A        B        C        D        E       F      G
               +--------+--------+--------+--------+--------+-----+--------+
         Total |   1108 |   1051 |     57 |      0 |    637 |   3 |  369.3 |
       Dungeon |   1108 |   1051 |     57 |      0 |    637 |   3 |  369.3 |
               +--------+--------+--------+--------+--------+-----+--------+

Top non-repeatable levels by time:
     D:2: 604 daAuts
     D:1: 437 daAuts
     D:3: 66 daAuts
